Unix NetHack Version 5.0.0-0 post-release - last build May  4 2026 22:22:43 (774f63e81ad911689b3a0859ea89b322d5daca8d,branch:main).

Game began 2026-05-05 16:29:03, ended 2026-05-05 20:16:08.

ButtonHitter, neutral female human Valkyrie

   ------
   |....|
   |....|
   |....|      ---------                 ------
   |....|      |.......|     -------     |....|
   |....|      |........#####|.....|##%##.....|# #
   -|-|--    ##..[...).|    #|....>-#    |.....###
      ##     # ---------   ##|...(.|     ------# #
       #     #              #-------             ##   -----------
       #     #              #######              #    |...<.....|
       #     #                    ##             #   M|..u......|
       ####  #                     #             #   @..........|
     -----|- #                     #    ---------###Y#----...----
     |......##                     #####.........##      |...|
     |.....|                            |.......| #      |...|
     |....`.                            |.......+        -----
     -------                            |.......|
                                        ---------

ButtonHitter the Fighter    St:18 Dx:15 Co:18 In:9 Wi:7 Ch:10  Neutral
Dlvl:9  $:3182 HP:0(93) Pw:22(22) AC:-1 Xp:9 T:7944  Burdened

Latest messages:
 This Woodland-elf corpse tastes okay.
 You finish eating the Woodland-elf corpse.
 You see here 13 gold pieces.
 You have a little trouble lifting $ - 13 gold pieces (3157 in total).
 The quantum mechanic hits!
 Your position suddenly seems very uncertain!
 You materialize in a different location!
 You see here 25 gold pieces.
 You have a little trouble lifting $ - 25 gold pieces (3182 in total).
 The quantum mechanic hits!
 You are not affected.
 You hit the quantum mechanic!
 The quantum mechanic hits!
 You are not affected.
 You hit the quantum mechanic!
 You miss the quantum mechanic.
 The quantum mechanic reads a scroll labeled EIRIS SAZUN IDISI!
 Call a scroll labeled EIRIS SAZUN IDISI: 
 You kill the quantum mechanic!
 You kill the hobgoblin!
 The orc mummy hits!
 You hit the orc mummy!
 The orc mummy hits!
 The owlbear hits!
 The owlbear hits again!
 The owlbear grabs you!
 You cannot escape from the owlbear!
 The orc mummy hits!
 The owlbear hits!
 The owlbear hits again!
 You are being crushed.
 You cannot escape from the owlbear!
 The orc mummy hits!
 The owlbear hits!
 The owlbear hits again!
 You are being crushed.
 You hit the owlbear!
 What do you want to drink? [fgRVWZ or ?*] f
 You feel better.
 The orc mummy hits!
 The owlbear hits!
 The owlbear hits again!
 You are being crushed.
 You hit the owlbear!
 The orc mummy hits!
 The owlbear hits!
 The owlbear hits again!
 You are being crushed.
 You die...
 Do you want your possessions identified? [ynq] (y) q

Inventory:
 Coins    ('$')
  $ - 3182 gold pieces
 Amulets  ('"')
  O - an uncursed amulet of reflection (being worn)
 Weapons  (')')
  a - a +2 spear (weapon in right hand)
 Armor    ('[')
  v - an uncursed burnt +0 elven leather helm (being worn)
  i - an uncursed very burnt +0 pair of gauntlets of dexterity (being worn)
  w - an uncursed thoroughly rusty +0 pair of kicking boots (being worn)
  c - an uncursed burnt +3 small shield (being worn)
  M - a cursed -1 elven cloak (being worn)
  B - a blessed +2 dwarvish mithril-coat (being worn)
 Comestibles  ('%')
  d - 3 uncursed food rations
  K - an uncursed sprig of wolfsbane
  y - an uncursed partly eaten lizard corpse
 Scrolls  ('?')
  N - 4 uncursed scrolls of blank paper
  H - an uncursed scroll of confuse monster
  x - 2 uncursed scrolls of earth
  T - a cursed scroll of fire
  Y - an uncursed scroll of identify
  P - a cursed scroll of magic mapping
  Q - an uncursed scroll of remove curse
 Potions  ('!')
  Z - an uncursed potion of gain energy
  V - an uncursed potion of invisibility
  R - an uncursed potion of levitation
  g - an uncursed potion of oil
  W - a potion of unholy water
 Rings    ('=')
  F - an uncursed ring of fire resistance
  z - a cursed ring of polymorph
  t - an uncursed ring of sustain ability
 Wands    ('/')
  I - a wand of undead turning (0:8)
  A - a wand of undead turning (0:7)
 Tools    ('(')
  b - an uncursed sack containing 25 items
  U - a bag of tricks (0:9)
  L - a bag of tricks (0:7)
  l - an uncursed oil lamp
  e - a +0 pick-axe
  k - an uncursed skeleton key
  h - a +0 unicorn horn
 Gems/Stones  ('*')
  S - an uncursed luckstone

Contents of the sack:
  333 gold pieces
  3 uncursed food rations
  an uncursed scroll of scare monster
  an uncursed scroll of teleportation
  an uncursed scroll of punishment
  an uncursed scroll of enchant armor
  2 uncursed scrolls of blank paper
  3 cursed scrolls of blank paper
  a blessed scroll of earth
  an uncursed scroll of earth
  2 uncursed scrolls of identify
  an uncursed scroll of remove curse
  an uncursed potion of fruit juice
  an uncursed potion of object detection
  a blessed potion of object detection
  an uncursed potion of enlightenment
  a blessed potion of booze
  5 uncursed potions of booze
  2 uncursed potions of extra healing
  an uncursed potion of levitation
  an uncursed ring of stealth
  an uncursed ring of stealth
  an uncursed ring of invisibility
  a cursed -1 ring of protection
  an uncursed ring of fire resistance

ButtonHitter the Valkyrie's attributes:

Background:
 You were a Fighter, a level 9 human Valkyrie.
 You were neutral, on a mission for Odin
 who was opposed by Tyr (lawful) and Loki (chaotic).
 You were right-handed.
 You were in the Dungeons of Doom, on level 9.
 You entered the dungeon 7944 turns ago.
 You had 5049 experience points, 71 more were needed to attain level 10.

Basics:
 You had 0 out of 93 hit points.
 You had all 22 energy points (spell power).
 Your armor class was -1.
 Your wallet contained 3182 zorkmids, and
 you had 333 more stashed away in your pack.
 Autopickup was off.

Final Characteristics:
 Your strength was 18 (limit:18/100).
 Your dexterity was 15 (limit:18).
 Your constitution was 18 (limit:18).
 Your intelligence was 9 (limit:18).
 Your wisdom was 7 (limit:18).
 Your charisma was 10 (limit:18).

Final Status:
 You were held by an owlbear (southwest).
 You weren't hungry.
 You were burdened; movement was slightly slowed.
 You were wielding a spear.
 You were skilled in spear and could have enhanced that.

Final Attributes:
 You were piously aligned.
 You were cold resistant.
 You were sleep resistant.
 You were stealthy.
 You were guarded.
 You were fast.
 You had reflection.
 You were lucky.
 You had extra luck.
 Bad luck did not time out for you.
 Good luck did not time out for you.
 You are dead.

Miscellaneous:
 You encountered 1 bones level.
 Total elapsed playing time was 1 hour, 54 minutes and 27 seconds.

Major events:
 Turn
    1: ButtonHitter the neutral human Valkyrie entered the dungeon
  732: attained the rank of Skirmisher (level 3)
  803: found Sunsword in a shop
 1188: entered the Gnomish Mines
 1693: attained the rank of Fighter (level 6)
 1786: reached Mine Town
 2772: acquired the Mines' End luckstone
 4417: entered Sokoban
 4774: completed 1st Sokoban level
 5249: completed 2nd Sokoban level
 5548: completed 3rd Sokoban level
 6077: completed 4th Sokoban level
 6733: acquired the Sokoban amulet of reflection
 7944: killed by an owlbear

You didn't know any spells.

Skills:
 Fighting Skills
   bare handed combat [Unskilled]
   two weapon combat  [Unskilled]
   riding             [Unskilled]
 Weapon Skills
   dagger             [Basic]
   axe                [Unskilled]
   pick-axe           [Unskilled]
   short sword        [Unskilled]
   broadsword         [Unskilled]
   long sword         [Unskilled]
   two-handed sword   [Unskilled]
   saber              [Unskilled]
   hammer             [Unskilled]
   quarterstaff       [Unskilled]
   polearms           [Unskilled]
   spear              [Skilled]
   trident            [Unskilled]
   lance              [Unskilled]
   sling              [Unskilled]
 Spellcasting Skills
   attack spells      [Unskilled]
   escape spells      [Unskilled]

Voluntary challenges:
 Character rerolling was not enabled.
 You never genocided any monsters.
 You never polymorphed an object.
 You never changed form.
 You used no wishes.
 You did not violate any of the special Sokoban rules.
Achievements:
 You entered a shop.
 You attained the rank of Skirmisher.
 You entered the Gnomish Mines.
 You attained the rank of Fighter.
 You entered Minetown.
 You entered a temple.
 You completed the Gnomish Mines.
 You entered Sokoban.
 You completed Sokoban.

 The Dungeons of Doom: levels 1 to 9
    Level 1:
       A sink, a grave.
    Level 2: "vault"
       A ring shop, a sink.
    Level 3:
       A general store, an altar, a fountain, a sink.
    Level 4:
       A fountain.
       Stairs down to The Gnomish Mines.
    Level 5:
       Many fountains.
    Level 6:
       A grave.
       Stairs up to Sokoban, level 5.
    Level 7:
    Level 8: "vault"
       Some fountains, a grave.
    Level 9: <- You were here.
       Final resting place for
          you, killed by an owlbear.
 The Gnomish Mines: levels 5 to 12
    Level 5:
    Level 6:
       A grave.
       Final resting place for
          1212459919-Kni-Hum-Fem-Law, killed by a gnome.
    Level 7:
    Level 8:
       Many shops, a temple and an altar, some fountains.
    Level 10:
    Level 11:
    Level 12:
 Sokoban: levels 5 up to 2
    Level 2:
       Solved.
    Level 3:
       Solved.
    Level 4:
       Solved.
    Level 5:
       Solved.


Vanquished creatures:
  a ghost
  a giant mimic
  a stalker
  2 small mimics
  2 quantum mechanics
  a sasquatch
  a wood golem
  2 gelatinous cubes
  a pyrolisk
  a large dog
  a dwarf ruler
  a leocrotta
 an energy vortex
 an elf mummy
  a python
  a pit viper
  a carnivorous ape
  a leather golem
  2 chameleons
  2 cockatrices
  a wolf
  2 winter wolf cubs
  3 leprechauns
 an orc-captain
 an iron piercer
  a mumak
  2 scorpions
  a black light
  3 gnome rulers
  a rust monster
 an owlbear
  a yeti
  4 Green-elves
  2 lizards
  a chickatrice
  a dingo
  2 dwarf leaders
  2 white unicorns
  a dust vortex
  3 apes
  2 human zombies
  a Woodland-elf
  2 soldier ants
  5 fire ants
 an imp
  4 quasits
  4 Mordor orcs
  a rock piercer
  a rock mole
  3 yellow lights
  a violet fungus
  9 gnome leaders
  7 gnomish wizards
  a kobold mummy
  3 paper golems
  a kitten
 15 dwarves
  3 kobold shamans
  3 hill orcs
  a rabid rat
  2 giant bats
  a dwarf zombie
  6 iguanas
  a killer bee
  2 acid blobs
  a coyote
  a gas spore
  4 hobbits
  a hobgoblin
  a cave spider
  a green mold
  a red mold
 41 gnomes
  a gnome zombie
  5 geckos
  5 jackals
  2 foxes
  3 kobolds
  2 goblins
  a sewer rat
  9 grid bugs
  a bat
  8 lichens
  a kobold zombie
  3 newts
231 creatures vanquished.

No species were genocided or became extinct.

Game over:
                       ----------
                      /          \
                     /    REST    \
                    /      IN      \
                   /     PEACE      \
                  /                  \
                  |   ButtonHitter   |
                  |     3515 Au      |
                  |   killed by an   |
                  |     owlbear      |
                  |                  |
                  |                  |
                  |       2026       |
                 *|     *  *  *      | *
        _________)/\\_//(\/(/\)/\//\/|_)_______

Farvel ButtonHitter the Valkyrie...

You died in The Dungeons of Doom on dungeon level 9 with 23910 points,
and 3515 pieces of gold, after 7944 moves.
You were level 9 with a maximum of 93 hit points when you died.

